General information
- name: BNet
- type: Ladder team game (AT/RT)
- host: Battle.net
- saver: Sylink
map: Monsoon
- players: 6
- length: 48:08
- speed: Fast
- version: 1.23 W3XP
- replay type: Public
» download(280 KB)
Players
team 1 (loser)

»
germanturkey (
blue | 79 APM | 3777 actions | 48:06)
3 Blademaster
2 Wind Walk
1 Critical Strike
7 Shadow Hunter
3 Hex
3 Serpent Ward
1 Big Bad Voodoo
» actions
| Assign group hotkey | 7 | |
| Basic commands | 122 | |
| Build / train | 137 | |
| Enter build submenu | 24 | |
| Enter hero's abilities submenu | 10 | |
| Give item / drop item | 1 | |
| Remove unit from queue | 3 | |
| Right click | 2262 | |
| Select / deselect | 644 | |
| Select group hotkey | 437 | |
| Use ability | 130 | |
3777 total
» units
| Peon | 12 | |
| Troll Headhunter/Berserker | 4 | |
| Shaman | 49 | |
| Demolisher | 1 | |
| Troll Batrider | 29 | |
| Raider | 6 | |
101 total
» upgrades
| Ranged Weapons | 1 | |
| Troll Regeneration | 1 | |
| Shaman Training | 2 | |
| Reinforced Defenses | 1 | |
| Pillage | 0 | |
| Liquid Fire | 1 | |
| Ensnare | 1 | |
7 total
» buildings
| Altar of Storms | 1 | |
| Orc Burrow | 8 | |
| Barracks | 1 | |
| War Mill | 1 | |
| Voodoo Lounge | 1 | |
| Stronghold | 1 | |
| Spirit Lodge | 2 | |
| Great Hall | 2 | |
| Fortress | 1 | |
| Beastiary | 2 | |
20 total
» build order
00:04 Altar of Storms
00:17 Orc Burrow
00:38 Barracks
01:28 Orc Burrow
02:01 War Mill
02:36 Voodoo Lounge
03:18 Stronghold
04:59 Orc Burrow
05:50 Spirit Lodge
05:57 Spirit Lodge
08:26 Great Hall
10:39 Fortress
10:43 Orc Burrow
10:55 Orc Burrow
11:43 Orc Burrow
16:24 Orc Burrow
20:31 Orc Burrow
23:56 Great Hall
27:47 Beastiary
28:00 Beastiary
» items
| Healing Salve | 1 | |
| Scroll of Speed | 1 | |
| Scroll of Town Portal | 6 | |
| Tiny Great Hall | 1 | |
| Staff of Teleportation | 1 | |
| Lesser Clarity Potion | 2 | |
12 total

»
mcchikun (
pink | 49 APM | 2341 actions | 47:52)
9 Demon Hunter
2 Mana Burn
3 Evasion
1 Metamorphosis
3 Immolation
» actions
| Assign group hotkey | 47 | |
| Basic commands | 197 | |
| Build / train | 109 | |
| ESC pressed | 1 | |
| Enter build submenu | 25 | |
| Enter hero's abilities submenu | 9 | |
| Right click | 449 | |
| Select / deselect | 399 | |
| Select group hotkey | 1052 | |
| Use ability | 53 | |
2341 total
» units
| Wisp | 18 | |
| Archer | 9 | |
| Huntress | 4 | |
| Chimaera | 36 | |
| Hippogryph | 17 | |
84 total
» upgrades
| Improved Bows | 1 | |
| Upgrade Moon Glaive | 1 | |
| Marksmanship | 1 | |
| Strength of the Wild | 3 | |
| Reinforced Hides | 3 | |
| Corrosive Breath | 1 | |
10 total
» buildings
| Moon Well | 10 | |
| Altar of Elders | 1 | |
| Ancient of War | 1 | |
| Tree of Ages | 1 | |
| Hunter's Hall | 1 | |
| Tree of Eternity | 1 | |
| Tree of Life | 4 | |
| Ancient of Wind | 2 | |
| Chimaera Roost | 2 | |
| Ancient of Wonders | 1 | |
24 total
» build order
00:08 Moon Well
00:19 Altar of Elders
00:35 Ancient of War
01:31 Moon Well
02:28 Moon Well
03:31 Tree of Ages
04:06 Hunter's Hall
04:27 Moon Well
05:53 Tree of Eternity
06:37 Tree of Life
06:58 Moon Well
08:22 Ancient of Wind
10:03 Chimaera Roost
10:07 Chimaera Roost
10:48 Moon Well
11:09 Moon Well
11:20 Ancient of Wonders
13:14 Moon Well
14:10 Moon Well
21:38 Moon Well
25:37 Tree of Life
28:16 Tree of Life
29:02 Ancient of Wind
45:37 Tree of Life
» items
| Orb of Venom | 1 | |
| Staff of Preservation | 1 | |
2 total

»
OhNoItsTheMunch (
yellow | 50 APM | 2406 actions | 48:02)
9 Lich
2 Frost Nova
3 Dark Ritual
1 Death and Decay
3 Frost Armor
» actions
| Assign group hotkey | 40 | |
| Basic commands | 109 | |
| Build / train | 119 | |
| Enter build submenu | 22 | |
| Enter hero's abilities submenu | 8 | |
| Remove unit from queue | 1 | |
| Right click | 1351 | |
| Select / deselect | 532 | |
| Select group hotkey | 158 | |
| Use ability | 65 | |
2406 total
» units
| Acolyte | 8 | |
| Ghoul | 12 | |
| Necromancer | 15 | |
| Abomination | 19 | |
| Gargoyle | 31 | |
85 total
» upgrades
| Unholy Armor | 3 | |
| Unholy Strength | 2 | |
| Skeletal Longevity | 1 | |
| Disease Cloud | 1 | |
| Skeletal Mastery | 1 | |
| Creature Attack | 3 | |
| Creature Carapace | 2 | |
13 total
» buildings
| Crypt | 2 | |
| Altar of Darkness | 1 | |
| Ziggurat | 9 | |
| Graveyard | 1 | |
| Halls of the Dead | 1 | |
| Temple of the Damned | 1 | |
| Black Citadel | 1 | |
| Tomb of Relics | 1 | |
| Slaughterhouse | 2 | |
| Spirit Tower | 1 | |
| Sacrificial Pit | 1 | |
21 total
» build order
00:14 Crypt
00:19 Altar of Darkness
00:40 Ziggurat
01:01 Ziggurat
01:56 Graveyard
03:15 Halls of the Dead
03:20 Ziggurat
05:23 Ziggurat
06:03 Temple of the Damned
06:05 Black Citadel
06:40 Ziggurat
06:54 Tomb of Relics
07:58 Slaughterhouse
08:00 Slaughterhouse
12:15 Ziggurat
16:20 Ziggurat
23:33 Crypt
24:52 Ziggurat
24:53 Ziggurat
25:08 Spirit Tower
41:05 Sacrificial Pit
» items
| Orb of Corruption | 1 | |
| Scroll of Town Portal | 2 | |
| Potion of Mana | 1 | |
| Potion of Healing | 2 | |
6 total
team 2 (winner)
Chopstix (
green | 50 APM | 2407 actions | 48:07)
9 Death Knight
3 Death Coil
3 Unholy Aura
1 Animate Dead
2 Death Pact
10 Dreadlord
3 Sleep
3 Carrion Swarm
1 Inferno
3 Vampiric Aura
» actions
| Assign group hotkey | 38 | |
| Basic commands | 137 | |
| Build / train | 104 | |
| ESC pressed | 1 | |
| Enter build submenu | 44 | |
| Enter hero's abilities submenu | 19 | |
| Give item / drop item | 6 | |
| Right click | 997 | |
| Select / deselect | 399 | |
| Select group hotkey | 492 | |
| Use ability | 170 | |
2407 total
» units
| Acolyte | 24 | |
| Ghoul | 7 | |
| Crypt Fiend | 7 | |
| Frost Wyrm | 9 | |
| Gnoll Brute | 1 | |
| Gnoll Warden | 1 | |
| Ogre Magi | 1 | |
| Mud Golem | 1 | |
51 total
» upgrades
| Creature Attack | 3 | |
| Web | 1 | |
| Creature Carapace | 2 | |
| Burrow | 1 | |
| Ghoul Frenzy | 1 | |
| Freezing Breath | 1 | |
9 total
» buildings
| Crypt | 4 | |
| Ziggurat | 12 | |
| Altar of Darkness | 2 | |
| Graveyard | 5 | |
| Nerubian Tower | 1 | |
| Halls of the Dead | 2 | |
| Tomb of Relics | 1 | |
| Black Citadel | 1 | |
| Sacrificial Pit | 1 | |
| Boneyard | 2 | |
| Necropolis | 3 | |
| Spirit Tower | 1 | |
35 total
» build order
00:11 Crypt
00:18 Ziggurat
00:28 Altar of Darkness
01:04 Graveyard
01:40 Nerubian Tower
01:50 Ziggurat
03:13 Halls of the Dead
03:13 Halls of the Dead
03:58 Tomb of Relics
04:02 Ziggurat
06:06 Black Citadel
07:22 Ziggurat
07:24 Sacrificial Pit
08:44 Boneyard
08:46 Boneyard
14:25 Ziggurat
14:27 Ziggurat
14:28 Ziggurat
14:30 Necropolis
22:05 Spirit Tower
22:54 Altar of Darkness
24:03 Necropolis
24:17 Ziggurat
24:56 Ziggurat
28:37 Crypt
28:39 Graveyard
30:51 Necropolis
35:35 Ziggurat
37:20 Crypt
37:23 Graveyard
43:39 Crypt
43:40 Graveyard
45:44 Ziggurat
47:45 Ziggurat
47:49 Graveyard
» items
| Orb of Corruption | 2 | |
| Scroll of Town Portal | 5 | |
| Staff of Teleportation | 1 | |
| Boots of Speed | 2 | |
| Potion of Lesser Invulnerability | 3 | |
| Potion of Mana | 4 | |
| Potion of Healing | 1 | |
18 total
CRiTABuSE (
teal | 37 APM | 1784 actions | 48:07)
5 Death Knight
2 Death Coil
2 Unholy Aura
1 Death Pact
2 Lich
1 Frost Nova
1 Frost Armor
1 Crypt Lord
1 Impale
» actions
| Assign group hotkey | 5 | |
| Basic commands | 83 | |
| Build / train | 51 | |
| ESC pressed | 5 | |
| Enter build submenu | 18 | |
| Enter hero's abilities submenu | 8 | |
| Give item / drop item | 3 | |
| Right click | 1107 | |
| Select / deselect | 441 | |
| Select group hotkey | 14 | |
| Use ability | 49 | |
1784 total
» units
| Acolyte | 6 | |
| Ghoul | 3 | |
| Crypt Fiend | 15 | |
| Frost Wyrm | 2 | |
| Obsidian Statue | 1 | |
27 total
» upgrades
» buildings
| Crypt | 2 | |
| Graveyard | 1 | |
| Ziggurat | 5 | |
| Altar of Darkness | 1 | |
| Nerubian Tower | 1 | |
| Tomb of Relics | 1 | |
| Halls of the Dead | 5 | |
| Black Citadel | 1 | |
| Sacrificial Pit | 1 | |
| Slaughterhouse | 1 | |
| Boneyard | 1 | |
| Spirit Tower | 1 | |
21 total
» build order
00:09 Crypt
00:15 Graveyard
00:38 Ziggurat
01:04 Altar of Darkness
01:45 Ziggurat
02:47 Nerubian Tower
03:10 Tomb of Relics
04:45 Halls of the Dead
04:50 Halls of the Dead
04:51 Halls of the Dead
04:51 Halls of the Dead
05:25 Ziggurat
06:45 Ziggurat
07:17 Crypt
08:15 Black Citadel
10:34 Sacrificial Pit
11:38 Ziggurat
13:17 Slaughterhouse
13:19 Boneyard
17:38 Spirit Tower
» items
| Orb of Corruption | 1 | |
| Rod of Necromancy | 1 | |
2 total
Sylink (
purple | 95 APM | 4579 actions | 48:08)
9 Death Knight
3 Death Coil
3 Unholy Aura
1 Animate Dead
2 Death Pact
1 Lich
1 Frost Nova
» actions
| Assign group hotkey | 49 | |
| Basic commands | 334 | |
| Build / train | 113 | |
| ESC pressed | 3 | |
| Enter build submenu | 32 | |
| Enter hero's abilities submenu | 10 | |
| Give item / drop item | 1 | |
| Right click | 1529 | |
| Select / deselect | 519 | |
| Select group hotkey | 1835 | |
| Use ability | 154 | |
4579 total
» units
| Acolyte | 21 | |
| Ghoul | 13 | |
| Crypt Fiend | 12 | |
| Obsidian Statue | 8 | |
| Frost Wyrm | 7 | |
61 total
» upgrades
| Creature Attack | 3 | |
| Web | 1 | |
| Destroyer Form | 1 | |
| Creature Carapace | 2 | |
7 total
» buildings
| Altar of Darkness | 1 | |
| Ziggurat | 13 | |
| Crypt | 3 | |
| Graveyard | 1 | |
| Nerubian Tower | 2 | |
| Tomb of Relics | 1 | |
| Halls of the Dead | 1 | |
| Spirit Tower | 5 | |
| Slaughterhouse | 2 | |
| Black Citadel | 1 | |
| Necropolis | 2 | |
| Sacrificial Pit | 1 | |
| Boneyard | 2 | |
35 total
» build order
00:05 Altar of Darkness
00:08 Ziggurat
00:36 Crypt
01:02 Graveyard
01:19 Nerubian Tower
01:27 Tomb of Relics
02:08 Ziggurat
03:52 Halls of the Dead
04:38 Ziggurat
05:44 Spirit Tower
05:46 Nerubian Tower
06:30 Slaughterhouse
06:31 Slaughterhouse
06:45 Ziggurat
06:45 Ziggurat
08:32 Black Citadel
12:37 Necropolis
13:30 Ziggurat
14:08 Ziggurat
18:36 Sacrificial Pit
19:19 Ziggurat
19:19 Ziggurat
19:23 Ziggurat
19:23 Ziggurat
19:23 Ziggurat
19:24 Ziggurat
19:45 Boneyard
19:46 Boneyard
20:19 Spirit Tower
20:21 Spirit Tower
20:23 Spirit Tower
35:42 Crypt
35:44 Crypt
39:31 Spirit Tower
43:25 Necropolis
» items
| Dust of Appearance | 1 | |
| Scroll of Town Portal | 8 | |
| Orb of Corruption | 1 | |
| Potion of Healing | 5 | |
| Scroll of Healing | 4 | |
| Potion of Lesser Invulnerability | 2 | |
| Potion of Mana | 2 | |
23 total
Chat log
(00:42 / Allies) Chopstix: oh whats that
(00:45 / Allies) Chopstix: you need lumber?
(00:46 / Allies) Chopstix: oh wait
(00:50 / Allies) Chopstix: you get lumber fast as shit already
(01:13 / Allies) Chopstix: what units you going after spiders crit
(01:48 / Allies) Sylink: ud are the protoss of war3
(01:59 / Allies) CRiTABuSE: rofl
(02:00 / Allies) Sylink: did you finish dling sc
(02:03 / Allies) Chopstix: yes
(02:07 / Allies) CRiTABuSE: im on phone
(02:07 / Allies) Chopstix: have not installed
(02:08 / Allies) Chopstix: wont play tonight
(02:19 / Allies) Sylink: scrub
(02:28 / Allies) CRiTABuSE: off the phone
(02:29 / Allies) CRiTABuSE: fnally
(02:34 / Allies) Chopstix: what are you making after spiders
(02:39 / Allies) Sylink: terran my fav race but i suck at them
(02:39 / Allies) CRiTABuSE: frosts
(02:41 / Allies) CRiTABuSE: and statues
(02:48 / Allies) Chopstix: im going frost
(02:52 / Allies) CRiTABuSE: 2 frosts
(02:54 / Allies) CRiTABuSE: 2 destroyers
(02:57 / Allies) CRiTABuSE: or 1 person
(02:58 / Allies) Sylink: ill get destros and w/e
(02:59 / Allies) CRiTABuSE: destroyer
(03:01 / Allies) CRiTABuSE: 2 frosts
(03:03 / Allies) CRiTABuSE: yea
(03:05 / Allies) Chopstix: sylink go aboms?
(03:06 / Allies) CRiTABuSE: u go destros
(03:09 / Allies) Sylink: lets
(03:10 / Allies) Sylink: just
(03:12 / Allies) Sylink: see what they
(03:14 / Allies) Sylink: get
(03:25 / Allies) Sylink: bm
(04:24 / Allies) Chopstix: i like this creepin shit yo
(04:33 / Allies) Sylink: lets power creep mid
(04:36 / Allies) Chopstix: dont control my units unless you have to
(04:53 / Allies) Sylink: team dk
(06:05 / Allies) CRiTABuSE: first
(06:10 / Allies) Chopstix: right
(07:05 / Allies) Sylink: going destro
(07:16 / Allies) Chopstix: wait got sleeepr
(08:25 / Allies) Sylink: neeexxtt
(08:29 / Allies) CRiTABuSE: hit
(08:30 / Allies) CRiTABuSE: one
(08:30 / Allies) CRiTABuSE: now
(08:34 / Allies) Chopstix: let me clear out expo
(09:13 / Allies) Sylink: get expo
(09:16 / Allies) CRiTABuSE: wow
(09:17 / Allies) CRiTABuSE: tgey are noob
(09:18 / Allies) Chopstix: we cover
(09:44 / Allies) Sylink: lol
(09:54 / Allies) Sylink: coil me
(10:17 / Allies) Sylink: iom out
(10:37 / Allies) Sylink: i didnt lose anything to that
(10:43 / Allies) Chopstix: 2 spiders
(10:45 / Allies) CRiTABuSE: i lost my hero thats it
(10:50 / Allies) Chopstix: i gave him pot of invuln
(10:51 / Allies) CRiTABuSE: thx to u guys tho
(10:52 / Allies) Chopstix: but too late i guess
(10:54 / Allies) CRiTABuSE: not healing me
(10:56 / Allies) CRiTABuSE: no
(10:58 / Allies) Sylink: i tried
(10:58 / Allies) CRiTABuSE: i didnt have invul
(11:02 / Allies) Chopstix: i gave
(11:03 / Allies) Chopstix: last second
(11:04 / Allies) Chopstix: ok buddy
(11:05 / Allies) CRiTABuSE: i didnt get it
(11:10 / Allies) CRiTABuSE: watch
(11:11 / Allies) Chopstix: we'll see
(11:17 / Allies) CRiTABuSE: i tried to click purples
(11:19 / Allies) CRiTABuSE: hero to heal me
(11:21 / Allies) CRiTABuSE: last secon
(11:24 / Allies) CRiTABuSE: but was too late
(11:54 / Allies) CRiTABuSE: sorry im playin so noob
(11:55 / Allies) Sylink: making destros
(11:57 / Allies) CRiTABuSE: i was on phone for first half
(12:17 / Allies) Chopstix: nice hero
(12:18 / Allies) Chopstix: with pot
(12:30 / Allies) CRiTABuSE: shh
(12:31 / Allies) CRiTABuSE: i got it
(12:32 / Allies) CRiTABuSE: i kno
(12:33 / Allies) CRiTABuSE: lol
(12:42 / Allies) Sylink: we should hit again
(12:48 / Allies) CRiTABuSE: omw
(12:59 / Allies) CRiTABuSE: they aint doing shit
(13:00 / Allies) CRiTABuSE: they suck
(13:02 / Allies) CRiTABuSE: doesnt matter wat we do
(13:52 / Allies) Chopstix: stop
(13:53 / Allies) Chopstix: wasting that shit
(14:09 / Allies) CRiTABuSE: wasnt a waste
(14:16 / Allies) Sylink: ok well
(14:19 / Allies) Chopstix: give the mask to someone else
(14:21 / Allies) Sylink: i have 2 expos i guess
(14:25 / Allies) CRiTABuSE: i put it on my dk
(14:34 / Allies) Sylink: omw
(14:47 / Allies) Chopstix: i forgot tp
(15:36 / Allies) Sylink: gtfo
(15:41 / Allies) Sylink: ok
(15:41 / Allies) Sylink: so
(15:43 / Allies) Sylink: make uints
(15:43 / Allies) Sylink: now
(15:44 / Allies) Sylink: please
(15:58 / Allies) Sylink: we just got owned make more shit
(16:10 / Allies) Chopstix: dear diary
(16:14 / Allies) Chopstix: forgot to buy a scroll of tp
(16:17 / Allies) Chopstix: sinceryl
(16:18 / Allies) Sylink: i hat eyou both
(16:19 / Allies) Chopstix: chopstix
(16:38 / Allies) CRiTABuSE: i cant believe
(16:42 / Allies) CRiTABuSE: we just got caught like that
(16:44 / Allies) CRiTABuSE: by these noobs
(16:45 / Allies) Chopstix: yea
(16:53 / Allies) Sylink: they have to hit to win
(16:54 / Allies) Chopstix: gold?
(16:57 / Allies) CRiTABuSE: my dk isnt even hotkeyed
(17:02 / Allies) CRiTABuSE: so i couldnt find it
(17:04 / Allies) Sylink: w/e i making shit ton of gold
(17:04 / Allies) CRiTABuSE: i didnt kno where he was
(17:15 / Allies) Sylink: why arent they hitting
(17:15 / Allies) Sylink: rofl
(17:23 / Allies) CRiTABuSE: rofl
(17:25 / Allies) CRiTABuSE: whocares
(17:33 / Allies) Sylink: upgrade all zigs
(17:35 / Allies) CRiTABuSE: holy shit aboms
(17:42 / Allies) Chopstix: im coming
(17:43 / Allies) Chopstix: wyrm rape
(17:58 / Allies) Chopstix: shit
(18:11 / Allies) Sylink: owned
(18:12 / Allies) Sylink: gg
(18:12 / Allies) Chopstix: get somethign out
(18:15 / Allies) Chopstix: not yet
(18:16 / Allies) Chopstix: they suck
(18:20 / Allies) Chopstix: we ud
(18:30 / Allies) Sylink: ud with no unitsss
(18:31 / Allies) Chopstix: tower up imo
(18:43 / Allies) Chopstix: i ahve units......
(19:05 / Allies) Sylink: ud towering so pointless
(19:16 / Allies) Chopstix: tower it up
(19:20 / Allies) CRiTABuSE: we werent towering
(19:21 / Allies) CRiTABuSE: ...
(19:26 / Allies) CRiTABuSE: problem is
(19:29 / Allies) CRiTABuSE: we got raped
(19:30 / Allies) CRiTABuSE: without a tp
(19:33 / Allies) Sylink: morons
(19:34 / Allies) CRiTABuSE: by noobs
(19:34 / Allies) Chopstix: yes
(19:34 / Allies) Sylink: i had a tp
(19:36 / Allies) CRiTABuSE: it dont matter
(19:40 / Allies) CRiTABuSE: u shouldnt have tped
(19:45 / Allies) CRiTABuSE: im talkin about
(19:51 / Allies) CRiTABuSE: wen me and chop
(19:52 / Allies) CRiTABuSE: got raped
(19:55 / Allies) CRiTABuSE: its okay tho w/e
(20:09 / Allies) Sylink: give me your wood
(20:10 / Allies) CRiTABuSE: they went abom necro / all range and shit
(20:19 / Allies) CRiTABuSE: if u just go garg and focus fire
(20:20 / Allies) CRiTABuSE: with wagons
(20:21 / Allies) CRiTABuSE: we win
(20:23 / Allies) CRiTABuSE: and rape them
(20:26 / Allies) Chopstix: what
(20:29 / Allies) Chopstix: they have rachers and shamna
(20:33 / Allies) CRiTABuSE: dude
(20:34 / Allies) Chopstix: why go gargs
(20:34 / Allies) Sylink: annoying expos
(20:38 / Allies) CRiTABuSE: wagons
(20:41 / Allies) CRiTABuSE: will rape everything they have
(20:43 / Allies) CRiTABuSE: while frosts
(20:46 / Allies) CRiTABuSE: will slow it
(21:03 / Allies) Sylink: llolool rape trian coming in
(21:10 / Allies) CRiTABuSE: wtf
(21:12 / Allies) CRiTABuSE: are they doing
(21:12 / Allies) Sylink: hilarious
(21:13 / Allies) Sylink: tp
(21:23 / Allies) Chopstix: hitting an expo and tping
(21:27 / Allies) Sylink: ne expo down
(21:40 / Allies) Sylink: i have fuck off awesome army coming
(22:07 / Allies) CRiTABuSE: so many chims
(22:08 / Allies) CRiTABuSE: with lust
(22:16 / Allies) Sylink: in high brt
(22:20 / Allies) CRiTABuSE: lich
(22:22 / Allies) CRiTABuSE: target
(22:23 / Allies) CRiTABuSE: lich
(22:24 / Allies) CRiTABuSE: lich
(22:25 / Allies) CRiTABuSE: lich
(22:25 / Allies) CRiTABuSE: lich
(22:26 / Allies) CRiTABuSE: lich
(22:36 / Allies) Sylink: for the overmind
(23:09 / Allies) CRiTABuSE: rofl
(23:15 / Allies) CRiTABuSE: i wish i hadnt been on the phone with kristen
(23:17 / Allies) CRiTABuSE: i so coulda carried us
(23:19 / Allies) Sylink: OWNED
(23:20 / Allies) CRiTABuSE: through this
(23:24 / Allies) Sylink: DEVOUR MAGIC NIGGERS
(23:35 / Allies) Chopstix: oh i still have wryms
(23:41 / Allies) CRiTABuSE: \yes u fuckin idiot
(23:42 / Allies) CRiTABuSE: share control
(23:45 / Allies) Sylink: go
(23:47 / Allies) CRiTABuSE: u fuckin lost so much bcuz u didnt let me
(23:58 / Allies) Sylink: they have no expos
(24:01 / Allies) Sylink: i took out blue and pinks
(24:35 / Allies) CRiTABuSE: hit him
(24:38 / Allies) Sylink: 100 food
(24:43 / Allies) CRiTABuSE: he has shit
(24:44 / Allies) CRiTABuSE: for army
(24:45 / Allies) CRiTABuSE: hit him
(24:55 / Allies) Sylink: hahaha rape
(25:28 / Allies) Sylink: bye
(25:34 / Allies) Sylink: stop using my shit
(25:34 / Allies) Chopstix: sry
(25:45 / Allies) Sylink: stop NIGGER
(25:57 / All) CRiTABuSE: wtf are u doing
(25:59 / Allies) Chopstix: wanst me
(26:00 / Allies) Chopstix: i just teleported in
(26:20 / Allies) Chopstix: infernal coming
(27:03 / Allies) CRiTABuSE: god damn noobies
(27:47 / Allies) Chopstix: 20 wood please
(27:49 / Allies) Chopstix: need woodmakers
(28:18 / Allies) Chopstix: wood please
(28:22 / Allies) CRiTABuSE: none
(28:23 / Allies) CRiTABuSE: 0
(28:40 / Allies) Chopstix: thx
(28:42 / Allies) CRiTABuSE: -_-
(28:53 / Allies) CRiTABuSE: thank god
(28:55 / Allies) CRiTABuSE: these kids suck
(29:08 / Allies) CRiTABuSE: are u fuckin serious
(29:09 / Allies) CRiTABuSE: chop
(29:10 / Allies) Sylink: indeed
(29:17 / Allies) Sylink: worst tp ever
(30:34 / Allies) Sylink: rape train niggers
(30:41 / Allies) Chopstix: fuck this unit shit
(30:43 / Allies) Chopstix: im playing dota
(30:44 / Allies) CRiTABuSE: thank god u have like 9 frosts
(31:13 / Allies) CRiTABuSE: and ur raped
(31:14 / Allies) CRiTABuSE: by noobs
(31:16 / Allies) Sylink: fuck this game
(31:21 / Allies) Sylink: look
(31:23 / Allies) Sylink: you are the one
(31:25 / Allies) Sylink: who lost everything
(31:39 / Allies) Sylink: i cant fight 3 different armies
(31:49 / Allies) CRiTABuSE: i could
(32:35 / Allies) CRiTABuSE: get demon
(32:36 / Allies) CRiTABuSE: hunter
(32:38 / Allies) CRiTABuSE: nvm
(32:39 / Allies) CRiTABuSE: run
(32:49 / Allies) CRiTABuSE: run like hell
(32:50 / Allies) CRiTABuSE: or its gg
(32:58 / Allies) Sylink: need wood so bad
(33:05 / Allies) CRiTABuSE: make some god damn ghouls
(33:06 / Allies) CRiTABuSE: then
(33:09 / Allies) CRiTABuSE: they collect it so fast
(34:25 / Allies) CRiTABuSE: rofl
(34:28 / Allies) CRiTABuSE: these kids are so good
(34:30 / Allies) CRiTABuSE: omfg
(35:29 / Allies) Chopstix: llmmmaaaoo
(35:34 / Allies) Sylink: wtf is this shit
(35:37 / Allies) CRiTABuSE: i cant fuckin believe
(35:41 / Allies) Chopstix: this is amazing
(35:41 / Allies) CRiTABuSE: u guys arent dead yet
(35:43 / Allies) CRiTABuSE: go harras
(35:44 / Allies) Chopstix: why dont we play ud all the time
(35:46 / Allies) Sylink: with what lol
(35:53 / Allies) Chopstix: coil abuse
(35:56 / Allies) CRiTABuSE: with ur fuckin lvl 10 heros
(35:57 / Allies) CRiTABuSE: dude
(36:02 / Allies) Chopstix: wood please
(36:06 / Allies) Sylink: none
(36:24 / Allies) Chopstix: run
(36:33 / Allies) Sylink: sh
(36:43 / Allies) Sylink: sleep nigger
(36:47 / Allies) CRiTABuSE: no mana
(37:01 / Allies) Chopstix: bish
(37:06 / Allies) Sylink: massing fiend
(37:28 / Allies) CRiTABuSE: how about u put some more accos
(37:29 / Allies) CRiTABuSE: on ur mines
(37:34 / Allies) CRiTABuSE: ^^
(37:37 / Allies) CRiTABuSE: scout that
(37:38 / Allies) CRiTABuSE: get shades
(37:39 / Allies) CRiTABuSE: too
(37:42 / Allies) CRiTABuSE: if we have shades
(37:43 / Allies) CRiTABuSE: we can mh
(37:44 / Allies) CRiTABuSE: them
(37:45 / Allies) CRiTABuSE: basically
(37:54 / Allies) Chopstix: rumn
(37:55 / Allies) Chopstix: run
(37:59 / Allies) Chopstix: need statues
(38:04 / Allies) CRiTABuSE: scout
(38:08 / Allies) CRiTABuSE: dl
(38:09 / Allies) CRiTABuSE: scout
(38:10 / Allies) CRiTABuSE: bot
(38:11 / Allies) CRiTABuSE: mine
(38:19 / Allies) CRiTABuSE: ...........
(38:27 / All) CRiTABuSE: CHOP
(38:28 / All) CRiTABuSE: STIX
(38:31 / Allies) Chopstix: what
(38:37 / Allies) CRiTABuSE: scout it
(38:39 / Allies) CRiTABuSE: damnn it
(38:44 / Allies) Chopstix: why
(38:48 / Allies) CRiTABuSE: if they have xpo
(38:51 / Allies) CRiTABuSE: u need to kill it
(38:56 / Allies) CRiTABuSE: they are at top
(38:57 / Allies) CRiTABuSE: of map
(38:57 / Allies) Sylink: owned
(38:58 / Allies) CRiTABuSE: so u can
(39:05 / Allies) CRiTABuSE: scout that
(39:07 / Allies) CRiTABuSE: or hit pink
(39:08 / Allies) CRiTABuSE: right now
(39:10 / Allies) CRiTABuSE: with infernal
(39:11 / Allies) CRiTABuSE: if its up
(39:13 / Allies) CRiTABuSE: they are at top
(39:14 / Allies) CRiTABuSE: of map
(39:30 / All) CRiTABuSE: BUY HEAL SCROLLS
(39:31 / All) CRiTABuSE: DUDE
(39:42 / Allies) CRiTABuSE: too late
(39:43 / Allies) CRiTABuSE: dude
(40:07 / Allies) CRiTABuSE: nuke the dh
(40:09 / Allies) CRiTABuSE: and atack him
(40:24 / Allies) CRiTABuSE: rhasta
(40:25 / Allies) Sylink: so baddd
(40:28 / Allies) CRiTABuSE: rofl
(40:31 / Allies) CRiTABuSE: this is hilarious
(40:34 / Allies) CRiTABuSE: i cant stop laughing
(40:38 / Allies) CRiTABuSE: i havent left
(40:41 / Allies) CRiTABuSE: bcuz i am laughing so hard
(40:45 / Allies) Sylink: hahaha
(40:51 / Allies) Sylink: wtf is this shit
(40:54 / Allies) CRiTABuSE: thisis better than tv
(40:56 / Allies) CRiTABuSE: i swear to god
(41:03 / Allies) CRiTABuSE: i am laughing harder than watchin scrubs
(41:11 / Allies) Sylink: so much gay air
(41:19 / Allies) CRiTABuSE: yo
(41:20 / Allies) CRiTABuSE: hit
(41:20 / Allies) CRiTABuSE: now
(41:22 / Allies) CRiTABuSE: hit pink
(41:23 / Allies) Sylink: am
(41:23 / Allies) CRiTABuSE: hit pink
(41:24 / Allies) Chopstix: will try
(41:25 / Allies) CRiTABuSE: hit pink
(41:26 / Allies) CRiTABuSE: he lost
(41:27 / Allies) CRiTABuSE: the most
(41:28 / Allies) Chopstix: woiod p[elase
(41:29 / Allies) CRiTABuSE: hit pink
(41:30 / Allies) Sylink: take pink illg et blue shit
(41:32 / Allies) CRiTABuSE: he lost like 12 fuckin chims
(41:33 / Allies) CRiTABuSE: rofl
(41:37 / Allies) Chopstix: im going to pink dont worry
(41:39 / Allies) Chopstix: wood pelas though
(41:46 / Allies) Sylink: i have none bro
(41:58 / Allies) CRiTABuSE: yo
(42:26 / Allies) CRiTABuSE: yo chop
(42:27 / Allies) Sylink: ive mined so much gold
(42:28 / Allies) Chopstix: yes
(42:29 / Allies) CRiTABuSE: do u have a gold mine
(42:29 / Allies) CRiTABuSE: ?
(42:34 / Allies) CRiTABuSE: or acco
(42:34 / Allies) CRiTABuSE: ?
(42:41 / Allies) CRiTABuSE: yo
(42:43 / Allies) CRiTABuSE: purple
(42:45 / Allies) CRiTABuSE: give him all ur wood
(42:48 / Allies) CRiTABuSE: so he can get a gold mine
(43:01 / Allies) Sylink: lich
(43:18 / Allies) CRiTABuSE: finish him
(43:25 / Allies) CRiTABuSE: raoders
(43:26 / Allies) CRiTABuSE: lol
(43:28 / Allies) CRiTABuSE: rofl
(43:30 / Allies) CRiTABuSE: i am laughing so hard
(43:45 / Allies) Sylink: most ridiculous comaback
(43:46 / Allies) Sylink: ever
(43:51 / Allies) CRiTABuSE: not really
(43:52 / Allies) CRiTABuSE: they are so bad
(44:05 / Allies) CRiTABuSE: only reason we won
(44:09 / Allies) CRiTABuSE: is bcuz they didnt have human
(44:15 / Allies) Chopstix: pink will remake chims
(44:16 / Allies) CRiTABuSE: if this was late game with mk or am
(44:16 / Allies) Chopstix: he is
(44:17 / Allies) CRiTABuSE: high lvl
(44:19 / Allies) CRiTABuSE: this game was over
(44:22 / Allies) Sylink: making more wyrm
(44:23 / Allies) Sylink: so fuck them
(44:30 / Allies) CRiTABuSE: dude
(44:34 / Allies) CRiTABuSE: dont get wyrms
(44:37 / Allies) CRiTABuSE: just get 4 heal scrolls
(44:39 / Allies) Chopstix: make garg imo
(44:42 / Allies) CRiTABuSE: pop them while u fight
(44:43 / Allies) Chopstix: i have level 3
(44:44 / Allies) CRiTABuSE: the air
(44:45 / Allies) CRiTABuSE: and ur fine
(44:49 / Allies) Chopstix: life drian
(45:00 / Allies) CRiTABuSE: get gargs
(45:01 / Allies) CRiTABuSE: and heal scrolls
(45:03 / Allies) CRiTABuSE: and its gg rape
(45:18 / Allies) Chopstix: give me 100 wood pelase
(45:20 / Allies) Sylink: gaayy
(45:30 / Allies) Chopstix: wood pelase
(45:33 / Allies) CRiTABuSE: y didnt u make
(45:33 / Allies) Chopstix: ill make investment
(45:34 / Allies) CRiTABuSE: a gold mine
(45:35 / Allies) CRiTABuSE: dude
(45:39 / Allies) Chopstix: CAUSE I DONT FUCKING HAVE WOOD
(45:50 / Allies) CRiTABuSE: u build a crypt and a zig
(45:51 / Allies) CRiTABuSE: tho
(45:53 / Allies) CRiTABuSE: that requires
(45:54 / Allies) CRiTABuSE: wood
(46:04 / Allies) Chopstix: and mine requires 220 wood
(46:08 / Allies) Chopstix: and we have plenty of gold
(46:16 / Allies) CRiTABuSE: target chims
(46:17 / Allies) CRiTABuSE: first
(46:18 / Allies) CRiTABuSE: chims first
(46:19 / Allies) CRiTABuSE: chims first
(46:21 / Allies) CRiTABuSE: chrims first
(46:31 / Allies) CRiTABuSE: keep the dh slept
(46:32 / Allies) CRiTABuSE: all times
(46:49 / Allies) Sylink: lich down
(46:53 / Allies) CRiTABuSE: thats gg
(46:54 / Allies) CRiTABuSE: we win
(46:55 / Allies) CRiTABuSE: rofl
(46:58 / All) Sylink: i have more gold than god get out faggots
(47:09 / Allies) Chopstix: sorry
(47:26 / Allies) Chopstix: hahaha rofl
(47:28 / All) Sylink: gtfo
(47:28 / Allies) Chopstix: ud heros rule
(47:29 / Allies) CRiTABuSE: gg it
(47:41 / Allies) CRiTABuSE: human heros
(47:43 / Allies) CRiTABuSE: rape harder
(47:44 / Allies) CRiTABuSE: than ud
(47:45 / Allies) CRiTABuSE: hero
(47:53 / Allies) Chopstix: ud gayer
(47:55 / Allies) Chopstix: with sleep
(47:57 / All) Sylink: BYEEEE